 Dungeon Crawl Stone Soup version 0.18-a0-1526-gcb34c7c (webtiles) character file.

37591 Kidiri the Thaumaturge (level 13, -2/63 HPs)
             Began as a Deep Elf Fire Elementalist on Mar 8, 2016.
             Was an Elder of Vehumet.
             Shot with a poisoned arrow by Nessos (8 damage)
             ... on level 7 of the Lair of Beasts.
             The game lasted 01:49:33 (29390 turns).

Kidiri the Thaumaturge (DEFE)                      Turns: 29390, Time: 01:49:34

Health: -2/63      AC: 16    Str:  9    XL:     13   Next: 59%
Magic:  22/23      EV: 10    Int: 30    God:    Vehumet [****..]
Gold:   1124       SH:  9    Dex: 14    Spells: 11 memorised, 0 levels left

rFire  . . .     SeeInvis .     e - +1 dagger (venom)
rCold  . . .     Gourm    .     D - +3 robe of Foef Ing {rElec rPois rCorr MP-9}
rNeg   . . .     Faith    .     S - +0 shield
rPois  +         Spirit   .     n - +2 helmet
rElec  +         Dismiss  .     M - +0 cloak
rCorr  +         Reflect  .     z - +0 pair of gloves
SustAt +         Harm     .     a - +1 pair of boots
MR     ++...                    T - amulet of magic regeneration
Stlth  +++++.....               O - +4 ring of intelligence
                                R - ring "Onocyf" {SustAt *Drain rPois Str+4 Int+2}

@: very resistant to hostile enchantments, quite stealthy
A: talons 1, rough black scales 1, dopey 1, frail 1, magic resistance 1
a: Renounce Religion


You were on level 7 of the Lair of Beasts.
You worshipped Vehumet.
Vehumet was greatly pleased with you.
You were not hungry.

You visited 3 branches of the dungeon, and saw 16 of its levels.
You also visited: Volcano.

You collected 1124 gold pieces.

Inventory:

Hand Weapons
 e - a +1 dagger of venom (weapon)
 C - a +1 dagger of flaming
Missiles
 v - 8 throwing nets (quivered)
Armour
 a - a +1 pair of boots (worn)
 g - a +2 large shield
 n - a +2 helmet (worn)
 z - a +0 pair of gloves (worn)
 D - the +3 robe of Foef Ing (worn) {rElec rPois rCorr MP-9}
   (You found it on level 2 of the Lair of Beasts)

   It insulates you from electricity.
   It protects you from poison.
   It affects your magic capacity (-9).
   It protects you from acid and corrosion.
 M - a +0 cloak (worn)
 S - a +0 shield (worn)
Jewellery
 J - an uncursed ring of flight
 O - a +4 ring of intelligence (right hand)
 R - the ring "Onocyf" (left hand) {SustAt *Drain rPois Str+4 Int+2}
   (You found it on level 2 of the Lair of Beasts)

   [ring of sustain attributes]

   It sustains your strength, intelligence and dexterity.
   It affects your strength (+4).
   It affects your intelligence (+2).
   It protects you from poison.
   It causes draining when unequipped.
 T - an amulet of magic regeneration (around neck)
 W - an uncursed ring of fire
 Y - an uncursed ring of protection from cold
Wands
 b - a wand of flame (33/48)
 q - a wand of flame (23/48)
 w - a wand of slowing (39/48)
 y - a wand of lightning (7/15)
 B - a wand of polymorph (9/24)
 F - a wand of lightning (7/15)
 I - a wand of confusion (22/48)
 L - a wand of hasting (2/9)
 N - a wand of paralysis (17/24)
 Z - a wand of iceblast (9/15)
Scrolls
 h - 7 scrolls of remove curse
 i - 3 scrolls of amnesia
 k - 2 scrolls of fear
 o - a scroll of fog
 p - 2 scrolls of recharging
 r - 7 scrolls of teleportation
 t - a scroll of holy word
 x - 2 scrolls of magic mapping
 K - 2 scrolls of immolation
Potions
 d - a potion of cancellation
 f - a potion of brilliance
 j - 2 potions of ambrosia
 l - 3 potions of berserk rage
 s - 3 potions of lignification
 A - a potion of resistance
 E - a potion of curing
 G - a potion of agility
 H - 2 potions of haste
 U - 3 potions of might
Books
 P - a book of Envenomations

   Spells                             Type                      Level
   a - Spider Form                    Transmutation/Poison         3
   b - Olgreb's Toxic Radiance        Poison                       4
   c - Alistair's Intoxication        Transmutation/Poison         5
   d - Poisonous Cloud                Conjuration/Poison/Air       6
 X - a book of Ice

   Spells                             Type                      Level
   a - Ice Form                       Ice/Transmutation            4
   b - Metabolic Englaciation         Hexes/Ice                    5
   c - Ozocubu's Refrigeration        Ice                          6
   d - Bolt of Cold                   Conjuration/Ice              6
   e - Freezing Cloud                 Conjuration/Ice/Air          6
   f - Simulacrum                     Ice/Necromancy               6
Comestibles
 c - 4 bread rations
 m - 6 meat rations
 u - a slice of pizza


   Skills:
 - Level 4.0 Fighting
 + Level 9.1 Dodging
 + Level 10.0 Stealth
 + Level 6.1 Shields
 * Level 13.1 Spellcasting
 + Level 7.8 Conjurations
 + Level 9.3 Hexes
 + Level 7.5 Charms
 + Level 5.1 Transmutations
 + Level 8.6 Fire Magic
 + Level 5.7 Ice Magic
 + Level 5.2 Air Magic
 + Level 4.4 Poison Magic


You couldn't memorise any spells.
You knew the following spells:

 Your Spells              Type           Power        Failure   Level  Hunger
a - Flame Tongue          Conj/Fire      #####        1%          1    None
b - Throw Flame           Conj/Fire      ######       1%          2    None
c - Conjure Flame         Conj/Fire      ######..     1%          3    None
d - Inner Flame           Hex/Fire       ######..     1%          3    None
e - Sticky Flame          Conj/Fire      ######..     1%          4    None
f - Fireball              Conj/Fire      ######....   2%          5    #......
g - Ozocubu's Armour      Chrm/Ice       ######..     1%          3    None
h - Throw Icicle          Conj/Ice       ######..     1%          4    None
i - Airstrike             Air            ######....   3%          4    None
j - Ignite Poison         Fire/Trmt/Pois ######..     1%          3    None
k - Freezing Cloud        Conj/Ice/Air   ######....   38%         6    ####...


Dungeon Overview and Level Annotations

Branches:
Dungeon (8/15)             Temple (1/1) D:6            Lair (7/8) D:8
 Shoals (0/4) Lair:6        Snake (0/4) Lair:3
  Slime: Lair:6-8

Altars:
Ashenzari
Cheibriados
Dithmenos
Elyvilon
Fedhas
Gozag
Kikubaaqudgha
Makhleb
Nemelex Xobeh
Okawaru
Qazlal
Ru
Sif Muna
Trog
Vehumet
Xom
Yredelemnul
Zin

Annotations:
Lair:7 Nessos


Innate Abilities, Weirdness & Mutations

You have sharp toenails.
You are partially covered in rough black scales (AC +4, Dex -1).
You are dopey. (Int -2)
You are frail (-10% HP).
You are resistant to hostile enchantments.


Message History

Vehumet accepts your kill.
You feel your power returning.
Unknown command.
Drink which item? (? for menu, Esc to quit)
Okay, then.
Unknown command.
Unknown command.
Unknown command.
Evoke which item? (* to show all) (? for menu, Esc to quit)
Okay, then.
Unknown command.
Found 16 gold pieces.
Found a stone staircase leading down.
Nessos the Markscentaur comes into view.
Nessos shouts!
Nessos gestures wildly while chanting.
Nessos seems to speed up.
There is an escape hatch in the ceiling here.
Nessos wields a longbow of flaming.
It bursts into flame!
Nessos shoots a poisoned arrow.
The poisoned arrow hits you!
You die...

....................
..............r......
.....................
........†............
....Y..†.............
.......†<.........$..
.......†.............
......Y....†........c
.F..........Y@.......
.....................
.....................
.....................
.....................
......>..........
................
...............


You could see 2 death yaks, Nessos and a river rat (wandering).

Vanquished Creatures
  A centaur warrior (D:6)
  4 hydras
  Nergalle (Lair:4)
  A hell knight (Volcano)
  2 griffons (Lair:4)
  A statue (Volcano)
  A siren (Lair:6)
  5 elephants
  7 black mambas
  10 spiny frogs
  2 rime drakes
  7 komodo dragons
  2 merfolk (Lair:6)
  A queen bee (D:8)
  Grinder (D:5)
  5 boulder beetles
  15 blink frogs
  A wyvern (Lair:6)
  Eustachio (D:6)
  A fire bat (Volcano)
  30 yaks
  A hungry ghost (D:7)
  9 hippogriffs
  9 wolves
  3 nagas (Lair:3)
  10 water moccasins
  The ghost of Kidiri the Magician, an amateur DEFE (D:3)
  2 hell hounds (Volcano)
  10 porcupines
  A swamp drake (D:8)
  4 orc warriors
  2 phantoms (D:7)
  4 ice beasts
  4 ogres
  4 necrophages
  5 centaurs
  12 crocodiles
  14 giant frogs
  A gnoll sergeant (D:5)
  A scorpion (D:8)
  19 killer bees
  2 vampire bats (D:5)
  2 howler monkeys
  2 electric eels
  9 crimson imps
  4 lava snakes (Volcano)
  8 hounds
  A giant frog skeleton (D:6)
  8 orc priests
  8 orc wizards
  18 iguanas
  9 worker ants
  A hell rat (Lair:5)
  14 sheep
  A hound zombie (D:5)
  2 hound skeletons (D:8)
  A howler monkey skeleton (D:4)
  8 gnolls
  67 river rats
  11 adders
  A shadow imp (D:6)
  An adder skeleton (D:4)
  2 worms
  2 dart slugs
  4 giant geckos
  26 orcs
  9 bats
  4 bat skeletons (D:5)
  3 bat zombies (D:5)
  8 giant cockroaches
  11 goblins
  7 hobgoblins
  17 jackals
  4 quokkas
  4 ball pythons
  5 giant newts
  A jackal skeleton (D:4)
  6 kobolds
  A quokka skeleton (D:6)
  11 rats
  A fungus (Lair:6)
  7 plants (Lair:6)
526 creatures vanquished.

Vanquished Creatures (others)
  A porcupine (Lair:4)
  A river rat (Lair:4)
  16 fungi
  4 plants
22 creatures vanquished.

Grand Total: 548 creatures vanquished

Notes
Turn   | Place    | Note
--------------------------------------------------------------
     0 | D:1      | Kidiri the Deep Elf Fire Elementalist began the quest for the Orb.
     0 | D:1      | Reached XP level 1. HP: 10/10 MP: 6/6
   113 | D:1      | Reached XP level 2. HP: 4/15 MP: 0/8
   117 | D:1      | Learned a level 2 spell: Throw Flame
  1030 | D:1      | Reached XP level 3. HP: 20/20 MP: 2/10
  1035 | D:1      | Learned a level 3 spell: Conjure Flame
  1039 | D:1      | Learned a level 3 spell: Inner Flame
  1787 | D:2      | Found a snail-covered altar of Cheibriados.
  1955 | D:2      | Reached skill level 1 in Hexes
  1955 | D:2      | Reached skill level 1 in Fighting
  1955 | D:2      | Reached skill level 4 in Spellcasting
  1955 | D:2      | Reached XP level 4. HP: 23/25 MP: 2/12
  2758 | D:3      | Noticed Kidiri's ghost (amateur DEFE)
  2777 | D:3      | Killed Kidiri's ghost
  2777 | D:3      | Reached skill level 1 in Shields
  2777 | D:3      | Reached XP level 5. HP: 10/29 MP: 0/14
  2783 | D:3      | Learned a level 4 spell: Sticky Flame
  3179 | D:3      | Reached skill level 5 in Spellcasting
  3179 | D:3      | Reached XP level 6. HP: 29/34 MP: 0/15
  4381 | D:4      | Noticed an orc warrior
  4480 | D:4      | Killed an orc warrior
  4480 | D:4      | Reached XP level 7. HP: 37/39 MP: 7/17
  4848 | D:4      | Reached skill level 6 in Spellcasting
  5073 | D:4      | Learned a level 5 spell: Fireball
  5316 | D:4      | Found a sparkling altar of Nemelex Xobeh.
  5342 | D:4      | Found a glowing silver altar of Zin.
  5342 | D:4      | Found a burning altar of Makhleb.
  5343 | D:4      | Noticed a green death
  5343 | D:4      | Noticed an angel
  5574 | D:5      | Entered Level 5 of the Dungeon
  5596 | D:5      | Found an iron altar of Okawaru.
  5906 | D:5      | Reached XP level 8. HP: 28/45 MP: 14/19
  6037 | D:5      | Noticed Grinder
  6095 | D:5      | Reached skill level 5 in Fire Magic
  6223 | D:5      | Killed Grinder
  6223 | D:5      | Reached skill level 7 in Spellcasting
  6435 | D:5      | Reached skill level 5 in Dodging
  6771 | D:5      | Found an ancient bone altar of Kikubaaqudgha.
  6778 | D:5      | Reached skill level 5 in Stealth
  7385 | D:5      | Found a bloodstained altar of Trog.
  7505 | D:5      | Found a burning altar of Makhleb.
  7506 | D:5      | Noticed a balrug
  7794 | D:6      | Reached XP level 9. HP: 35/50 MP: 9/22
  7900 | D:6      | Reached skill level 8 in Spellcasting
  7900 | D:6      | Reached skill level 5 in Hexes
  7966 | D:6      | Noticed a centaur warrior
  7998 | D:6      | Killed a centaur warrior
  8190 | D:6      | Found a staircase to the Ecumenical Temple.
  8198 | Temple   | Entered the Ecumenical Temple
  8251 | Temple   | Became a worshipper of Vehumet
  8575 | D:6      | Noticed Eustachio
  8591 | D:6      | Killed Eustachio
  8729 | D:6      | Found a stormy altar of Qazlal.
  8732 | D:6      | Found a shadowy altar of Dithmenos.
  8981 | D:7      | Reached skill level 9 in Spellcasting
  9377 | D:7      | Learned a level 3 spell: Ozocubu's Armour
  9382 | D:7      | Learned a level 4 spell: Throw Icicle
  9415 | D:7      | Reached skill level 5 in Conjurations
  9541 | D:7      | Reached XP level 10. HP: 56/56 MP: 21/25
  9703 | D:7      | Reached skill level 1 in Charms
 10315 | D:7      | Reached skill level 1 in Ice Magic
 10378 | D:7      | Reached * piety under Vehumet
 10378 | D:7      | Offered knowledge of Shock by Vehumet.
 10381 | D:7      | Learned a level 1 spell: Shock
 11393 | D:8      | Reached skill level 1 in Air Magic
 11886 | D:8      | Found a shattered altar of Ashenzari.
 12043 | D:8      | Found a white marble altar of Elyvilon.
 12043 | D:8      | Found an opulent altar of Gozag.
 12081 | D:8      | Reached ** piety under Vehumet
 12092 | D:8      | Offered knowledge of Searing Ray by Vehumet.
 12115 | D:8      | Reached skill level 10 in Spellcasting
 12916 | D:8      | Found a staircase to the Lair.
 13217 | Lair:1   | Entered Level 1 of the Lair of Beasts
 13353 | Lair:1   | Reached XP level 11. HP: 61/61 MP: 15/27
 13635 | Lair:1   | Offered knowledge of Ignite Poison by Vehumet.
 13641 | Lair:1   | Learned a level 3 spell: Ignite Poison
 14259 | Lair:1   | Reached skill level 1 in Poison Magic
 14283 | Lair:1   | Reached *** piety under Vehumet
 14543 | Lair:1   | Reached skill level 11 in Spellcasting
 14878 | Lair:1   | Reached skill level 1 in Transmutations
 15562 | Lair:2   | Noticed a seven-headed hydra
 15575 | Lair:2   | Killed a seven-headed hydra
 15575 | Lair:2   | Offered knowledge of Airstrike by Vehumet.
 15586 | Lair:1   | Learned a level 4 spell: Airstrike
 15844 | Lair:2   | Got a thick robe
 15855 | Lair:2   | Identified the +3 robe of Foef Ing {rElec rPois rCorr MP-9} (You found it on level 2 of the Lair of Beasts)
 16455 | Lair:2   | Got a fine turquoise ring
 16462 | Lair:3   | Identified the ring of the Original Sin {AC+1 Str+6} (You found it on level 2 of the Lair of Beasts)
 16472 | Lair:2   | Reached skill level 5 in Charms
 16780 | Lair:1   | Reached skill level 5 in Shields
 17220 | Lair:2   | Reached XP level 12. HP: 47/66 MP: 8/29
 17425 | Lair:2   | Got a coiled golden ring
 17434 | Lair:1   | Identified the ring "Onocyf" {SustAt *Drain rPois Str+4 Int+2} (You found it on level 2 of the Lair of Beasts)
 18916 | Lair:3   | Reached **** piety under Vehumet
 19296 | Lair:3   | Reached skill level 12 in Spellcasting
 19342 | Lair:3   | Found a staircase to the Snake Pit.
 19727 | Lair:3   | Noticed a four-headed hydra
 19733 | Lair:3   | Killed a four-headed hydra
 19733 | Lair:3   | Offered knowledge of Lightning Bolt by Vehumet.
 19942 | Lair:4   | Found a dark tunnel.
 20007 | Volcano  | Entered a volcano
 20233 | Volcano  | Gained mutation: You are partially covered in rough black scales (AC +4, Dex -1). [potion of beneficial mutation]
 20459 | Volcano  | Found a burning altar of Makhleb.
 22281 | Lair:4   | Noticed Nergalle
 23027 | Lair:4   | Killed Nergalle
 23239 | Lair:4   | Reached skill level 5 in Ice Magic
 23384 | Lair:4   | Reached XP level 13. HP: 42/70 MP: 7/31
 25321 | Lair:5   | Reached skill level 5 in Air Magic
 25343 | Lair:5   | Reached ***** piety under Vehumet
 25343 | Lair:5   | Offered knowledge of Iskenderun's Battlesphere by Vehumet.
 26985 | Lair:6   | Gained mutation: You are resistant to hostile enchantments. [potion of mutation]
 27514 | Lair:6   | Found a staircase to the Shoals.
 27576 | Lair:6   | Reached skill level 5 in Transmutations
 27641 | Lair:6   | Gained mutation: You are dopey. (Int -2) [potion of mutation]
 27641 | Lair:6   | Gained mutation: You are frail (-10% HP). [potion of mutation]
 27641 | Lair:6   | Gained mutation: You have sharp toenails. [potion of mutation]
 28369 | Lair:6   | Reached skill level 13 in Spellcasting
 28571 | Lair:6   | Learned a level 6 spell: Freezing Cloud
 29361 | Lair:7   | Reached skill level 10 in Stealth
 29389 | Lair:7   | Noticed Nessos
 29390 | Lair:7   | Shot with a poisoned arrow by Nessos

Vault maps used:
D:1:      eino_arrival_tree_alley, grunt_decor_resistance,
          minmay_misc_feat_hallway, minmay_statues_item
D:2:      nicolae_overflow_crystal_walls, first_bread
D:4:      grunt_temple_overflow_order_and_chaos_2, minmay_misc_feat_plants,
          nemelex_xobeh_ov_fountains_minmay
D:5:      lemuel_doored_altar, bloody_trog, kennysheep_vampire_church,
          serial_bayou_ford_a, makhleb_altar_promises_db, uniq_grinder
D:6:      minitemple, minmay_temple_entry_enclosed_plants, st_stairs_9,
          uniq_eustachio
D:8:      gammafunk_temple_overflow_wave, ashenzari_conservatory_becter,
          erik_lair_dragon, david_nohive_1, minmay_orc_keep
Temple:   temple_island_7
Lair:1:   beast_lair_carwin_2, grunt_megastairs_5, infiniplex_staircase_pool,
          serial_bayou_shore_a
Lair:2:   beast_lair_carwin_6, lemuel_fruit_tree
Lair:3:   guppyfry_snake_entry_garden, infiniplex_staircase_pool_2,
          lemuel_fruit_fields, lemuel_fruit_fields
Lair:4:   boulder_quad_collide, nicolae_volcano_entry_s_turn, minivault_19,
          uniq_nergalle
Lair:5:   serial_bayou_pond_b, st_stairs_5
Lair:6:   beast_lair_carwin_large_2, elwin_shoals_entry_rooms, wad_woods_road_06
Lair:7:   uniq_snorg, uniq_nessos
Volcano:  volcano_grotto

Skill      XL: |  1  2  3  4  5  6  7  8  9 10 11 12 13 |
---------------+----------------------------------------+-----
Hexes          | 1 2 3 4 5 6 8 9 |  9.3
Fighting       | 1 2 3 4 |  4.0
Spellcasting   | 4 5 6 7 9 10 11 12 13 | 13.1
Dodging        | 3 4 5 6 7 8 9 |  9.1
Stealth        | 3 4 5 6 7 8 9 10 | 10.0
Shields        | 1 2 3 4 5 6 |  6.1
Conjurations   | 2 3 4 5 6 7 |  7.8
Fire Magic     | 4 5 6 7 8 |  8.6
Charms         | 3 5 6 7 |  7.5
Ice Magic      | 2 4 5 |  5.7
Air Magic      | 2 3 4 5 |  5.2
Poison Magic   | 2 3 4 |  4.4
Transmutations | 2 4 5 |  5.1

Action                   |  1- 3 |  4- 6 |  7- 9 | 10-12 | 13-15 || total
-------------------------+-------+-------+-------+-------+-------++-------
Melee: Unarmed           |     9 |       |       |       |       ||     9
       Dagger            |    21 |    21 |    62 |   149 |   109 ||   362
Throw: Throwing net      |       |       |       |       |     2 ||     2
 Cast: Flame Tongue      |    30 |    69 |   122 |   438 |   147 ||   806
       Throw Flame       |    26 |    38 |    53 |   154 |    43 ||   314
       Conjure Flame     |     1 |     3 |     4 |    30 |     3 ||    41
       Inner Flame       |     1 |     2 |     9 |    11 |     4 ||    27
       Sticky Flame      |       |       |     9 |    53 |    26 ||    88
       Fireball          |       |       |     1 |    16 |    16 ||    33
       Throw Icicle      |       |       |       |    67 |    37 ||   104
       Ozocubu's Armour  |       |       |       |     2 |     1 ||     3
       Airstrike         |       |       |       |    16 |       ||    16
       Ignite Poison     |       |       |       |     1 |     4 ||     5
 Abil: Evoke Flight      |       |       |       |     1 |       ||     1
Evoke: Wand              |       |       |       |     1 |       ||     1
  Use: Scroll            |     6 |     1 |    10 |    17 |     5 ||    39
       Potion            |       |       |     1 |     8 |     3 ||    12
 Stab: Sleeping          |     1 |     4 |     3 |     6 |     5 ||    19
       Held in net/web   |       |       |       |       |     1 ||     1
  Eat: Chunk             |     4 |     8 |    11 |    14 |     8 ||    45
       Bread ration      |       |       |     1 |     1 |       ||     2
       Pizza             |       |       |     1 |       |     1 ||     2
       Fruit             |       |       |       |    16 |       ||    16
       Beef jerky        |       |       |       |     4 |       ||     4
       Royal jelly       |       |       |       |     5 |     4 ||     9
